TOP OF THE 1ST |
University of Maine Black Bears batting - Pitching for Redlands East Valley Wildcats : RHP John Woods
|
Pitching: RHP John Woods
|
|
Batting: RHB Justin Degon
|
0-0: Ball 1-0: Called Strike 1-1: Fly out, F9 (Flyball, 9, EV 93.8 MPH)
|
Batting: LHB Dave Aguilar
|
0-0: Called Strike 0-1: Ball 1-1: Foul Ball, location: 2RF 1-2: Strikes out looking
|
Batting: LHB Seung Pack
|
0-0: Foul Ball, location: 3FF 0-1: Foul Ball, location: 7LDF 0-2: SINGLE (Groundball, 34D, EV 95.6 MPH)
|
Batting: SHB Mario Barajas
|
0-0: Ball 1-0: Fly out, F8 (Flyball, 8RM, EV 80.0 MPH)
|
Top of the 1st over - 0 runs, 1 hit, 0 errors, 1 left on base; University of Maine 0 - Redlands East Valley 0 |
BOTTOM OF THE 1ST |
Redlands East Valley Wildcats batting - Pitching for University of Maine Black Bears : RHP Noah Johnson
|
Pitching: RHP Noah Johnson
|
|
Batting: LHB Steve Lane
|
0-0: Foul Ball, location: 7LMF 0-1: Ball 1-1: Swinging Strike 1-2: Strikes out swinging
|
Batting: LHB Jim Snell
|
0-0: Foul Ball, location: 5SF 0-1: DOUBLE (Line Drive, 9LD, EV 99.4 MPH)
|
Batting: LHB Eddie Montiel
|
0-0: Ball 1-0: Called Strike 1-1: Ground out 4-3 (Groundball, 4, EV 83.8 MPH) Jim Snell to third
|
Batting: RHB Alex Freyre
|
0-0: Ball 1-0: Foul Ball, location: 2F 1-1: Ball 2-1: Fly out, F4 (Popup, 34S, EV 73.8 MPH)
|
Bottom of the 1st over - 0 runs, 1 hit, 0 errors, 1 left on base; University of Maine 0 - Redlands East Valley 0 |
TOP OF THE 2ND |
University of Maine Black Bears batting - Pitching for Redlands East Valley Wildcats : RHP John Woods
|
Batting: LHB Osmo Leino
|
0-0: Called Strike 0-1: Ball 1-1: Ball 2-1: Ball 3-1: Called Strike 3-2: Foul Ball, location: 2F 3-2: Foul Ball, location: 9LSF 3-2: Foul Ball, location: 2F 3-2: Ground out 1-3 (Groundball, 15S, EV 63.8 MPH)
|
Batting: LHB Ed Leighton
|
0-0: Ball 1-0: Foul Ball, location: 7LMF 1-1: SINGLE (Line Drive, 4D, EV 96.9 MPH)
|
Batting: RHB Wang Huan
|
0-0: Ball Passed Ball! Ed Leighton to second 1-0: Swinging Strike 1-1: Called Strike 1-2: Ball 2-2: Ground out 6-3 (Groundball, 4M, EV 76.9 MPH)
|
Batting: RHB Kevin Baker
|
0-0: Ball 1-0: Ball 2-0: Called Strike 2-1: Ball 3-1: Called Strike 3-2: Foul Ball, location: 2F 3-2: SINGLE (Groundball, 6D, EV 100.6 MPH) Ed Leighton to third Runner from 3rd tries for Home, SAFE, throw by LF to home
|
Batting: SHB Ron Handford
|
0-0: Ball 1-0: Ball 2-0: Ground out 1-3 (Groundball, 34S, EV 68.8 MPH)
|
Top of the 2nd over - 1 run, 2 hits, 0 errors, 1 left on base; University of Maine 1 - Redlands East Valley 0 |
BOTTOM OF THE 2ND |
Redlands East Valley Wildcats batting - Pitching for University of Maine Black Bears : RHP Noah Johnson
|
Batting: SHB Jason Pugh
|
0-0: Called Strike 0-1: Ground out 6-3 (Groundball, 6, EV 108.8 MPH)
|
Batting: RHB Jeremy Evans
|
0-0: Called Strike 0-1: Foul Ball, location: 2F 0-2: Ball 1-2: Ground out 3-1 (Groundball, 34, EV 101.3 MPH)
|
Batting: RHB Jim Cahan
|
0-0: Called Strike 0-1: Fly out, F7 (Line Drive, 78D, EV 93.1 MPH)
|
Bottom of the 2nd over - 0 runs, 0 hits, 0 errors, 0 left on base; University of Maine 1 - Redlands East Valley 0 |
TOP OF THE 3RD |
University of Maine Black Bears batting - Pitching for Redlands East Valley Wildcats : RHP John Woods
|
Batting: RHB Justin Degon
|
0-0: Ball 1-0: Called Strike 1-1: Foul Ball, location: 2F 1-2: Ball 2-2: DOUBLE (Line Drive, 89M, EV 100.0 MPH)
|
Batting: LHB Dave Aguilar
|
0-0: SINGLE (Groundball, 56, EV 93.1 MPH) Justin Degon to third
|
Batting: LHB Seung Pack
|
0-0: Fly out, F7 (Flyball, 7S, EV 93.1 MPH)
|
Batting: SHB Mario Barajas
|
0-0: Ball 1-0: SINGLE (Groundball, 4MD, EV 105.0 MPH) Justin Degon scores Dave Aguilar to second
|
Batting: LHB Osmo Leino
|
0-0: Called Strike 0-1: Fly out, F7 (Line Drive, 7, EV 86.9 MPH)
|
Batting: LHB Ed Leighton
|
0-0: Ball 1-0: Called Strike 1-1: Foul Ball, location: 5DF 1-2: Ball 2-2: Ball 3-2: Foul Ball, location: 7LDF 3-2: Base on Balls Dave Aguilar to third Mario Barajas to second
|
Batting: RHB Wang Huan
|
0-0: DOUBLE (Line Drive, 78D, EV 105.0 MPH) Dave Aguilar scores Mario Barajas scores Ed Leighton to third Runner from 3rd tries for Home, SAFE, throw by CF to trailing runner, SAFE at third!
|
Pitching: RHP Tyler Van der Lugt
|
|
Batting: RHB Kevin Baker
|
0-0: Called Strike 0-1: Foul Ball, location: 2F 0-2: Ball 1-2: Foul Ball, location: 7LDF 1-2: Strikes out swinging
|
Top of the 3rd over - 4 runs, 4 hits, 0 errors, 1 left on base; University of Maine 5 - Redlands East Valley 0 |
BOTTOM OF THE 3RD |
Redlands East Valley Wildcats batting - Pitching for University of Maine Black Bears : RHP Noah Johnson
|
Batting: RHB Takayashi Hori
|
0-0: Ball 1-0: Called Strike 1-1: Foul Ball, location: 25F 1-2: Ball 2-2: Ball 3-2: SOLO HOME RUN (Flyball, 9D, EV 96.3 MPH), Distance : 373 ft
|
Batting: SHB John Loechel
|
0-0: Ball 1-0: Ground out 4-3 (Groundball, 4M, EV 93.8 MPH)
|
Batting: LHB Steve Lane
|
0-0: Ball 1-0: Swinging Strike 1-1: Ball 2-1: Reached on error, E3 (Groundball, 3, EV 88.8 MPH)
|
Batting: LHB Jim Snell
|
0-0: Ball 1-0: Foul Ball, location: 5DF 1-1: Ball Pickoff Throw by Catcher to First - Error! E2 Steve Lane to second 2-1: Swinging Strike 2-2: Ball 3-2: Ground out 4-3 (Groundball, 4, EV 85.6 MPH) Steve Lane to third
|
Batting: LHB Eddie Montiel
|
0-0: Ball 1-0: Ball 2-0: Foul Ball, location: 25F 2-1: SINGLE (Line Drive, 4M, EV 101.9 MPH) Steve Lane scores
|
Batting: RHB Alex Freyre
|
0-0: Ball 1-0: Foul Ball, location: 5F 1-1: Fly out, F7 (Flyball, 7, EV 92.5 MPH)
|
Bottom of the 3rd over - 2 runs, 2 hits, 2 errors, 1 left on base; University of Maine 5 - Redlands East Valley 2 |
TOP OF THE 4TH |
University of Maine Black Bears batting - Pitching for Redlands East Valley Wildcats : RHP Tyler Van der Lugt
|
Batting: SHB Ron Handford
|
0-0: Swinging Strike 0-1: Ball 1-1: Foul Ball, location: 23F 1-2: Ball 2-2: Strikes out looking
|
Batting: RHB Justin Degon
|
0-0: Ball 1-0: Fly out, F3 (Popup, 23F, EV 88.1 MPH)
|
Batting: LHB Dave Aguilar
|
0-0: Ground out U3 (Groundball, 3, EV 85.0 MPH)
|
Top of the 4th over - 0 runs, 0 hits, 0 errors, 0 left on base; University of Maine 5 - Redlands East Valley 2 |
BOTTOM OF THE 4TH |
Redlands East Valley Wildcats batting - Pitching for University of Maine Black Bears : RHP Noah Johnson
|
Batting: SHB Jason Pugh
|
0-0: Ball 1-0: Swinging Strike 1-1: SOLO HOME RUN (Flyball, 9D, EV 100.6 MPH), Distance : 383 ft
|
Batting: RHB Jeremy Evans
|
0-0: Ball 1-0: Fly out, F9 (Flyball, 9D, EV 91.9 MPH)
|
Batting: RHB Jim Cahan
|
0-0: Ball 1-0: Called Strike 1-1: SINGLE (Groundball, 4MD, EV 103.1 MPH)
|
Batting: RHB Takayashi Hori
|
0-0: Foul Ball, location: 23FF 0-1: Fielders Choice at 2nd, 3-6 (Groundball, 34S, EV 91.9 MPH)
|
Batting: SHB John Loechel
|
0-0: Swinging Strike 0-1: Ball 1-1: Ball 2-1: Foul Ball, location: 23F 2-2: Foul Ball, location: 3F 2-2: Strikes out swinging
|
Bottom of the 4th over - 1 run, 2 hits, 0 errors, 1 left on base; University of Maine 5 - Redlands East Valley 3 |
TOP OF THE 5TH |
University of Maine Black Bears batting - Pitching for Redlands East Valley Wildcats : RHP Tyler Van der Lugt
|
Batting: LHB Seung Pack
|
0-0: Ball 1-0: Foul Ball, location: 2F 1-1: Foul Ball, location: 9LSF 1-2: SINGLE (Groundball, 34S, EV 67.5 MPH) (infield hit)
|
Batting: SHB Mario Barajas
|
0-0: Ball 1-0: SINGLE (Line Drive, 56D, EV 103.1 MPH) Seung Pack to second
|
Batting: LHB Osmo Leino
|
0-0: Ball 1-0: Swinging Strike 1-1: Foul Ball, location: 9LSF 1-2: Ball 2-2: Ball 3-2: Strikes out looking
|
Batting: LHB Ed Leighton
|
0-0: Ball 1-0: Foul Ball, location: 2F 1-1: Ball 2-1: Ball 3-1: Called Strike 3-2: Foul Ball, location: 25F 3-2: Foul Ball, location: 7LDF 3-2: Base on Balls Seung Pack to third Mario Barajas to second
|
Batting: RHB Wang Huan
|
0-0: Fly out, F8 (Flyball, 78M, EV 87.5 MPH) Runner from 3rd tags up, SCORES, throw by CF
|
Batting: RHB Kevin Baker
|
0-0: TRIPLE (Flyball, 9LD, EV 85.6 MPH) Mario Barajas scores Ed Leighton scores
|
Batting: SHB Ron Handford
|
0-0: Ball 1-0: Ball 2-0: Foul Ball, location: 3FF 2-1: Called Strike 2-2: Foul Ball, location: 25FF 2-2: Fly out, F6 (Line Drive, 6, EV 64.4 MPH)
|
Top of the 5th over - 3 runs, 3 hits, 0 errors, 1 left on base; University of Maine 8 - Redlands East Valley 3 |
BOTTOM OF THE 5TH |
Redlands East Valley Wildcats batting - Pitching for University of Maine Black Bears : RHP Noah Johnson
|
Batting: LHB Steve Lane
|
0-0: Swinging Strike 0-1: Swinging Strike 0-2: Ball 1-2: Ball 2-2: Fly out, F9 (Flyball, 89M, EV 84.4 MPH)
|
Batting: LHB Jim Snell
|
0-0: Foul Ball, location: 2F 0-1: Foul Ball, location: 3F 0-2: Ball 1-2: Ball 2-2: Fly out, F9 (Flyball, 9, EV 77.5 MPH)
|
Batting: LHB Eddie Montiel
|
0-0: Fly out, F7 (Flyball, 78S, EV 92.5 MPH)
|
Bottom of the 5th over - 0 runs, 0 hits, 0 errors, 0 left on base; University of Maine 8 - Redlands East Valley 3 |
TOP OF THE 6TH |
University of Maine Black Bears batting - Pitching for Redlands East Valley Wildcats : RHP Tyler Van der Lugt
|
Batting: RHB Justin Degon
|
0-0: Ball 1-0: Called Strike 1-1: Ball 2-1: Fly out, F8 (Flyball, 8RM, EV 95.0 MPH)
|
Batting: LHB Dave Aguilar
|
0-0: Called Strike 0-1: Foul Ball, location: 7LMF 0-2: Ball 1-2: Ball 2-2: Hit by Pitch
|
Pitching: RHP Lance Greven
|
|
Batting: LHB Seung Pack
|
0-0: Ball 1-0: Called Strike 1-1: Swinging Strike 1-2: Ball 2-2: Foul Ball, location: 5F 2-2: Ball 3-2: Base on Balls Dave Aguilar to second
|
Batting: SHB Mario Barajas
|
0-0: Ball 1-0: Fly out, F8 (Line Drive, 8RM, EV 96.9 MPH)
|
Batting: LHB Osmo Leino
|
0-0: Ball 1-0: Ball 2-0: Called Strike 2-1: Foul Ball, location: 2F 2-2: Foul Ball, location: 2F 2-2: Strikes out swinging
|
Top of the 6th over - 0 runs, 0 hits, 0 errors, 2 left on base; University of Maine 8 - Redlands East Valley 3 |
BOTTOM OF THE 6TH |
Redlands East Valley Wildcats batting - Pitching for University of Maine Black Bears : RHP Noah Johnson
|
Batting: RHB Alex Freyre
|
0-0: Ground out U3 (Groundball, 34, EV 96.3 MPH)
|
Batting: SHB Jason Pugh
|
0-0: Ball 1-0: Foul Ball, location: 5FF 1-1: Swinging Strike 1-2: Ball 2-2: Strikes out looking
|
Batting: RHB Jeremy Evans
|
0-0: Ball 1-0: Ball 2-0: Ball 3-0: Called Strike 3-1: Called Strike 3-2: Strikes out swinging
|
Bottom of the 6th over - 0 runs, 0 hits, 0 errors, 0 left on base; University of Maine 8 - Redlands East Valley 3 |
TOP OF THE 7TH |
University of Maine Black Bears batting - Pitching for Redlands East Valley Wildcats : RHP Lance Greven
|
Batting: LHB Ed Leighton
|
0-0: Foul Ball, location: 25F 0-1: Swinging Strike 0-2: Ball 1-2: Foul Ball, location: 2RF 1-2: Ball 2-2: Foul Ball, location: 2F 2-2: Foul Ball, location: 7LSF 2-2: Ground out U3 (Groundball, 3, EV 89.4 MPH)
|
Batting: RHB Wang Huan
|
0-0: Fly out, F9 (Flyball, 89M, EV 95.0 MPH)
|
Batting: RHB Kevin Baker
|
0-0: Foul Ball, location: 5FF 0-1: Called Strike 0-2: Fly out, F8 (Flyball, 89S, EV 88.8 MPH)
|
Top of the 7th over - 0 runs, 0 hits, 0 errors, 0 left on base; University of Maine 8 - Redlands East Valley 3 |
BOTTOM OF THE 7TH |
Redlands East Valley Wildcats batting - Pitching for University of Maine Black Bears : RHP Noah Johnson
|
Batting: RHB Jim Cahan
|
0-0: Called Strike 0-1: Foul Ball, location: 9LDF 0-2: Strikes out swinging
|
Batting: RHB Takayashi Hori
|
0-0: Called Strike 0-1: SINGLE (Line Drive, 3D, EV 109.4 MPH)
|
Batting: SHB John Loechel
|
0-0: Fielders Choice at 2nd, 4-6 (Groundball, 4, EV 93.1 MPH)
|
Batting: LHB Steve Lane
|
0-0: Foul Ball, location: 2F 0-1: Called Strike 0-2: Strikes out looking
|
Bottom of the 7th over - 0 runs, 1 hit, 0 errors, 1 left on base; University of Maine 8 - Redlands East Valley 3 |
TOP OF THE 8TH |
University of Maine Black Bears batting - Pitching for Redlands East Valley Wildcats : RHP Lance Greven
|
Batting: SHB Ron Handford
|
0-0: Ball 1-0: Called Strike 1-1: Swinging Strike 1-2: Ground out 3-1 (Groundball, 34S, EV 86.9 MPH)
|
Batting: RHB Justin Degon
|
0-0: Foul Ball, location: 7LSF 0-1: Ball 1-1: Ball 2-1: Fly out, F9 (Flyball, 9LS, EV 88.8 MPH)
|
Batting: LHB Dave Aguilar
|
0-0: Ball 1-0: Called Strike 1-1: Swinging Strike 1-2: Strikes out swinging
|
Top of the 8th over - 0 runs, 0 hits, 0 errors, 0 left on base; University of Maine 8 - Redlands East Valley 3 |
BOTTOM OF THE 8TH |
Redlands East Valley Wildcats batting - Pitching for University of Maine Black Bears : RHP Noah Johnson
|
Batting: LHB Jim Snell
|
0-0: Called Strike 0-1: Ball 1-1: Ball 2-1: Ball 3-1: Swinging Strike 3-2: SINGLE (Line Drive, 34, EV 101.3 MPH)
|
Pitching: RHP Tommy Meade
|
|
Batting: LHB Eddie Montiel
|
0-0: Called Strike 0-1: Fielders Choice at 2nd, U6 (Groundball, 4MD, EV 95.0 MPH)
|
Batting: RHB Alex Freyre
|
0-0: Ball 1-0: Ball 2-0: Ball 3-0: Base on Balls Eddie Montiel to second
|
Batting: SHB Jason Pugh
|
0-0: Ball 1-0: Foul Ball, location: 9LMFF 1-1: Foul Ball, location: 7LSF 1-2: Ball 2-2: Strikes out swinging
|
Batting: RHB Jeremy Evans
|
0-0: Called Strike 0-1: Ball 1-1: Ball 2-1: Swinging Strike 2-2: Strikes out swinging
|
Bottom of the 8th over - 0 runs, 1 hit, 0 errors, 2 left on base; University of Maine 8 - Redlands East Valley 3 |
TOP OF THE 9TH |
University of Maine Black Bears batting - Pitching for Redlands East Valley Wildcats : RHP Lance Greven
|
Batting: LHB Seung Pack
|
0-0: Fly out, F8 (Flyball, 8LXD, EV 108.8 MPH)
|
Batting: SHB Mario Barajas
|
0-0: Ball 1-0: Ball 2-0: Swinging Strike 2-1: Foul Ball, location: 5SF 2-2: Strikes out swinging, 2-3 out at first.
|
Pinch Hitting: LHB John Bergeron
|
0-0: Foul Ball, location: 23F 0-1: Called Strike 0-2: Ball 1-2: Strikes out looking
|
Top of the 9th over - 0 runs, 0 hits, 0 errors, 0 left on base; University of Maine 8 - Redlands East Valley 3 |
BOTTOM OF THE 9TH |
Redlands East Valley Wildcats batting - Pitching for University of Maine Black Bears : RHP Tommy Meade
|
Now in RF: John Bergeron
|
|
Batting: RHB Jim Cahan
|
0-0: Ball 1-0: Ball 2-0: SINGLE (Groundball, 6MD, EV 94.4 MPH)
|
Batting: RHB Takayashi Hori
|
0-0: Swinging Strike 0-1: Called Strike 0-2: Foul Ball, location: 7LMF 0-2: Ball 1-2: Strikes out swinging
|
Batting: SHB John Loechel
|
0-0: Called Strike 0-1: Called Strike 0-2: Strikes out swinging
|
Batting: LHB Steve Lane
|
0-0: Foul Ball, location: 2F 0-1: Swinging Strike 0-2: Foul Ball, location: 2F 0-2: Ball 1-2: Foul Ball, location: 2F 1-2: Strikes out looking
|
Bottom of the 9th over - 0 runs, 1 hit, 0 errors, 1 left on base; University of Maine 8 - Redlands East Valley 3 |
|